 Dungeon Sprint DCSS version 0.19.5 (webtiles) character file.

58 Agrougrou the Skirmisher (level 3, -6/37 HPs)
             Began as a Minotaur Fighter on May 12, 2017.
             Splashed by an oklob sapling priest's acid (12 damage)
             ... in the Dungeon (Sprint IV: "Fedhas' Mad Dash").
             The game lasted 00:00:57 (321 turns).

Agrougrou the Skirmisher (Minotaur Fighter)          Turns: 321, Time: 00:00:58

Health: -6/37      AC:  0    Str: 21    XL:     3   Next: 75%
Magic:  1/2        EV:  8    Int:  5    God:
Gold:   26         SH: 10    Dex:  9    Spells: 0 memorised, 2 levels left

rFire  . . .     SeeInvis .     a - +0 flail
rCold  . . .     Gourm    .     b - +0 scale mail
rNeg   . . .     Faith    .     c - +0 shield
rPois  .         Spirit   .     (helmet restricted)
rElec  .         Reflect  .     (no cloak)
rCorr  .         Harm     .     (no gloves)
MR     .....     NoTele   +     (no boots)
Stlth  ..........               n - amulet of invisibility {+Inv}
                                (no ring)
                                (no ring)

@: corroded, very slightly contaminated, invisible (expiring)
A: retaliatory headbutt, horns 2
a: Turn Visible


You were in the Dungeon.
You were not hungry.

You visited 1 branch You collected 26 gold pieces.

Inventory:

Hand Weapons
 a - a +0 flail (weapon)
Armour
 b - a +0 scale mail (worn)
 c - a +0 shield (worn)
Jewellery
 n - the amulet of invisibility (around neck) {+Inv}
   (You found it in the Dungeon)

   [amulet of nothing]

   It lets you turn invisible.
Scrolls
 k - a scroll of blinking
 m - a scroll of enchant weapon {unknown}
Potions
 d - a potion of might
 e - a potion of curing
 g - a potion of heal wounds
 h - a potion of haste
 i - 2 potions of magic
 j - a potion of berserk rage
Comestibles
 f - a bread ration


   Skills:
 + Level 6.3 Fighting
 + Level 3.2 Maces & Flails
 + Level 6.2 Armour
 + Level 0.2 Dodging
 + Level 5.8 Shields


You had 2 spell levels left.
You didn't know any spells.

Dungeon Overview and Level Annotations

Branches:
Dungeon (1/1)

Altars:
Cheibriados
Dithmenos
Elyvilon
Gozag
Hepliaklqana
Kikubaaqudgha
Makhleb
Nemelex Xobeh
Okawaru
Qazlal
Ru
Sif Muna
Trog
Uskayaw
Vehumet
Xom
Yredelemnul
Zin
The Shining One
Beogh
Jiyva
Lugonu

Annotations:
D exclusion: oklob sapling


Innate Abilities, Weirdness & Mutations

You reflexively headbutt those who attack you in melee.
You have a pair of horns on your head.


Message History

You hit the oklob sapling priest.
You headbutt the oklob sapling priest, but do no damage.
The oklob sapling priest is moderately damaged.
The oklob sapling priest looks satisfied for a moment.
You hit the oklob sapling priest.
You headbutt the oklob sapling priest, but do no damage.
The oklob sapling priest is moderately damaged.
You flicker for a moment.
The oklob sapling priest begins to cast a cantrip, but forgets the words!
You catch the helpless oklob sapling priest completely off-guard!
You hit the oklob sapling priest.
You headbutt the oklob sapling priest, but do no damage.
The oklob sapling priest is moderately damaged.
You hit the oklob sapling priest. You headbutt the oklob sapling priest.
The oklob sapling priest is severely damaged.
The oklob sapling priest spits acid at you.
The splash of acid hits you!
* * * LOW HITPOINT WARNING * * *
The acid corrodes you!
You are splashed with acid!
The acid burns!
You die...

########################
....#.....#.⌠._._._._.⌠.
....'.#[(.'.._._@_._._..
....#.#...#..._._P_._...
########+##.._._._._._..
#.⌠._._._._.⌠.
##############


You could see an oklob sapling priest.

Vanquished Creatures
  An oklob sapling (D)
  A worker ant (D)
  A river rat (D)
  A rat (D)
4 creatures vanquished.

Notes
Turn   | Place    | Note
-------+----------+-------------------------------------------
     0 | D        | Agrougrou the Minotaur Fighter began the quest for the Orb.
     0 | D        | Reached XP level 1. HP: 19/19 MP: 0/0
     9 | D        | Reached XP level 2. HP: 28/28 MP: 1/1
    23 | D        | Noticed an oklob sapling
    26 | D        | Killed an oklob sapling
    26 | D        | Reached skill level 5 in Fighting
    26 | D        | Reached skill level 5 in Armour
    26 | D        | Reached skill level 5 in Shields
    26 | D        | Reached XP level 3. HP: 36/36 MP: 2/2
   195 | D        | Found an opulent altar of Gozag.
   195 | D        | Found a hazy altar of Hepliaklqana.
   195 | D        | Found a burning altar of Makhleb.
   195 | D        | Found a roughly hewn altar of Beogh.
   195 | D        | Found a sparkling altar of Nemelex Xobeh.
   195 | D        | Found a snail-covered altar of Cheibriados.
   195 | D        | Found a sacrificial altar of Ru.
   195 | D        | Found a deep blue altar of Sif Muna.
   195 | D        | Found a shimmering altar of Xom.
   195 | D        | Found a basalt altar of Yredelemnul.
   196 | D        | Found a viscous altar of Jiyva.
   196 | D        | Found a bloodstained altar of Trog.
   196 | D        | Noticed an oklob sapling priest
   311 | D        | Found an iron altar of Okawaru.
   311 | D        | Found a shadowy altar of Dithmenos.
   311 | D        | Found a glowing silver altar of Zin.
   312 | D        | Found an ancient bone altar of Kikubaaqudgha.
   312 | D        | Found a hide-covered altar of Uskayaw.
   313 | D        | Found a stormy altar of Qazlal.
   313 | D        | Found a white marble altar of Elyvilon.
   313 | D        | Found a glowing golden altar of the Shining One.
   314 | D        | Found a corrupted altar of Lugonu.
   314 | D        | Found a radiant altar of Vehumet.
   321 | D        | Splashed by an oklob sapling priest's acid

Skill      XL: |  1  2  3 |
---------------+----------+-----
Fighting       | 4 5 6 |  6.3
Armour         | 4 5 6 |  6.2
Shields        | 4 5 |  5.8
Maces & Flails | 3 |  3.2
Dodging        | |  0.2

Action                   || total
-------------------------++-------
Melee: Flail             ||    18
       Headbutt          ||     8
 Abil: Evoke Invisibilit ||     2
 Stab: Invisible         ||     1
Armor: Scale mail        ||     4
Dodge: Dodged            ||     2
Block: Shield            ||     8
